 Dungeon Crawl Stone Soup version 0.24.0-13-gcf9b319 (webtiles) character file.

Game seed: 8449193829771191504, levelgen mode: deterministic

1132 Bronimir the Stinger (level 8, -8/57 HPs)
             Began as a Formicid Venom Mage on Mar 11, 2020.
             Was a Believer of Ru.
             Mangled by an ice beast (11 damage)
             ... on level 5 of the Dungeon.
             The game lasted 00:13:25 (6473 turns).

Bronimir the Stinger (Formicid Venom Mage)          Turns: 6473, Time: 00:13:25

Health: -8/57      AC:  5    Str: 14    XL:     8   Next: 62%
Magic:  10/12      EV: 12    Int: 16    God:    Ru [**....]
Gold:   306        SH:  0    Dex: 11    Spells: 3/13 levels left

rFire    . . .     SeeInvis +   a - +4 quarterstaff (chaos)
rCold    . . .     Gourm    .   (no shield)
rNeg     . . .     Faith    .   h - +0 leather armour
rPois    .         Spirit   .   (helmet unavailable)
rElec    .         Reflect  .   r - +0 cloak
rCorr    .         Harm     .   z - +0 pair of gloves
MR       .....                  (no boots)
Stlth    ++........             (no amulet)
HPRegen  0.19/turn              (no ring)
MPRegen  0.13/turn              (no ring)

@: no status effects
A: permanent stasis, dig shafts and tunnels, four strong arms, antennae 3,
unskilled 1
a: Dig, Shaft Self, Renounce Religion


You were on level 5 of the Dungeon.
You worshipped Ru.
Ru was pleased with you.
You were hungry.

You visited 1 branch of the dungeon, and saw 5 of its levels.
You also visited: Sewer.

You collected 306 gold pieces.

Inventory:

Hand Weapons
 a - a +4 quarterstaff of chaos (weapon)
 i - a +4 hand axe of flaming
 n - a +0 hand crossbow
 w - a +1 mace of crushing
 x - a +0 hunting sling
 F - a +0 falchion of electrocution
Missiles
 k - 134 stones
 p - 40 arrows
 s - 45 bolts
Armour
 g - a +0 ring mail
 h - a +0 leather armour (worn)
 r - a +0 cloak (worn)
 z - a +0 pair of gloves (worn)
Magical Staves
 b - an uncursed staff of poison
Wands
 E - a wand of flame (22)
Scrolls
 d - 10 scrolls of remove curse
 e - 5 scrolls of identify
 f - a scroll of random uselessness {unknown}
 j - a scroll of magic mapping
 o - 2 scrolls of teleportation {unknown}
 y - 2 scrolls of amnesia
 B - a scroll of silence {unknown}
Potions
 l - a potion of ambrosia
 m - a potion of mutation {unknown}
 q - a potion of agility {unknown}
 t - a potion of haste {unknown}
 u - 2 potions of flight
 v - 4 potions of curing
 C - a potion of heal wounds {unknown}
 D - a potion of brilliance {unknown}
Comestibles
 c - 10 rations
 A - 3 chunks of flesh


   Skills:
 + Level 2.4 Fighting
 + Level 0.9(2.4) Maces & Flails
 + Level 3.6(3.7) Staves
 + Level 0.4 Slings
 * Level 3.6 Armour
 + Level 2.6 Dodging
 - Level 2.1 Stealth
 + Level 0.1 Unarmed Combat
 + Level 3.2 Spellcasting
 * Level 3.0 Conjurations
 - Level 0.1 Air Magic
 * Level 6.1 Poison Magic


You had 3 spell levels left.
You knew the following spells:

 Your Spells              Type           Power        Failure   Level  Hunger
a - Sting                 Conj/Pois      ###.         3%          1    None
b - Poisonous Vapours     Pois/Air       ##....       10%         2    ##.....
c - Olgreb's Toxic Radia  Pois           ###.....     19%         4    ####...
d - Mephitic Cloud        Conj/Pois/Air  ##......     19%         3    ###....

Your spell library contained the following spells:

 Spells                   Type           Power        Failure   Level  Hunger
 Venom Bolt               Conj/Pois      ###.......   67%         5    ######.


Dungeon Overview and Level Annotations

Branches:
Dungeon (5/15)              Sewer (visited)
 Temple: D:4-7

Altars:
Cheibriados
Qazlal
Ru
Xom
Yredelemnul


Innate Abilities, Weirdness & Mutations

You cannot be hasted, slowed, berserked, paralysed or teleported.
You can dig through walls and to a lower floor.
Your four strong arms can wield two-handed weapons with a shield.
You have a pair of large antennae on your head. (SInv)
You are somewhat unskilled. (-1 Apt)


Message History

The leopard gecko skeleton bites you but does no damage.
You sock the ice beast!
The ice beast is heavily wounded.
The leopard gecko skeleton barely misses you.
The ice beast barely misses you.
You sock the ice beast!
The ice beast is almost dead.
The leopard gecko skeleton barely misses you.
The ice beast hits you. The ice beast freezes you!
You closely miss the ice beast.
The ice beast is almost dead.
The ice beast looks more healthy.
The ice beast hits you. The ice beast freezes you!
* * * LOW HITPOINT WARNING * * *
The leopard gecko skeleton closely misses you.
The leopard gecko skeleton barely misses you.
The ice beast hits you.
* * * LOW HITPOINT WARNING * * *
The ice beast freezes you!
You die...

#.# ##...... #.#
##.>.#### #.#
##....)## ##.##
##.......##
##...####.........#
#.......'.........'
##...####.........#
#####.######.......##
#..Y@.....###.....##
#..Z..###.# ##...##
#..#### ##'## #...
#.# #.. { #.# #.#
##.## #. #######...##
# ...........###
######....###.


You could see an ice beast and a leopard gecko skeleton.

Vanquished Creatures
  Sigmund (D:5)
  Eustachio (D:5)
  Menkaure (D:4)
  A big kobold (Sewer)
  A scorpion (D:4)
  A crimson imp (D:5)
  A hound (D:4)
  Crazy Yiuf (D:3)
  An orc priest (D:4)
  4 orc wizards
  2 iguanas
  3 worker ants (D:4)
  2 hound skeletons
  3 gnolls (D:5)
  7 adders
  An adder zombie (D:5)
  3 adder skeletons
  2 worms
  6 leopard geckos
  15 orcs
  2 giant cockroaches
  6 goblins
  7 hobgoblins
  8 jackals
  A ball python (D:4)
  5 bats
  3 frilled lizards
  A giant cockroach zombie (D:5)
  9 kobolds
  A leopard gecko zombie (D:5)
  25 rats
  A fungus (D:3)
126 creatures vanquished.

Notes
Turn   | Place    | Note
-------+----------+-------------------------------------------
     0 | D:1      | Bronimir the Formicid Venom Mage began the quest for the
                  | Orb.
     0 | D:1      | Reached XP level 1. HP: 13/13 MP: 3/3
   511 | D:1      | Reached XP level 2. HP: 9/19 MP: 3/5
   515 | D:1      | Learned a level 2 spell: Poisonous Vapours
  1258 | D:1      | Reached skill level 1 in Conjurations
  1278 | D:1      | Reached XP level 3. HP: 17/24 MP: 0/6
  1715 | D:2      | Found a faded altar of an unknown god.
  1740 | D:2      | Found a snail-covered altar of Cheibriados.
  1754 | D:2      | Found a stormy altar of Qazlal.
  1758 | D:2      | Found a sacrificial altar of Ru.
  1867 | D:2      | Reached skill level 1 in Armour
  1921 | D:2      | Reached XP level 4. HP: 25/30 MP: 0/7
  1934 | D:2      | Reached skill level 5 in Poison Magic
  2485 | D:2      | Found a shimmering altar of Xom.
  2670 | D:2      | Became a worshipper of Ru the Awakened
  2785 | D:3      | Found a runed translucent door.
  2786 | D:3      | Noticed Crazy Yiuf
  2794 | D:3      | Killed Crazy Yiuf
  2794 | D:3      | Reached XP level 5. HP: 19/36 MP: 3/9
  2920 | D:3      | Found a basalt altar of Yredelemnul.
  3272 | D:4      | Reached skill level 1 in Maces & Flails
  3419 | D:4      | Learned a level 4 spell: Olgreb's Toxic Radiance
  3468 | D:4      | Found a glowing drain.
  3554 | Sewer    | Entered a sewer
  3687 | Sewer    | Noticed a big kobold
  3705 | Sewer    | Killed a big kobold
  3705 | Sewer    | Reached skill level 1 in Fighting
  3705 | Sewer    | Reached skill level 1 in Staves
  3705 | Sewer    | Reached XP level 6. HP: 39/43 MP: 10/10
  3742 | Sewer    | Found a white marble altar of Elyvilon.
  3800 | D:4      | Learned a level 3 spell: Mephitic Cloud
  3814 | D:4      | Noticed Menkaure
  3823 | D:4      | Killed Menkaure
  3823 | D:4      | Reached XP level 7. HP: 42/48 MP: 11/11
  4251 | D:4      | Reached skill level 6 in Poison Magic
  4255 | D:4      | Gained mutation: You are somewhat unskilled. (-1 Apt) [Ru
                  | sacrifice]
  4255 | D:4      | Reduced skill Poison Magic to level 5
  4255 | D:4      | Reached * piety under Ru
  4255 | D:4      | Reached ** piety under Ru
  5291 | D:5      | Entered Level 5 of the Dungeon
  5318 | D:5      | Reached XP level 8. HP: 50/56 MP: 10/12
  5833 | D:5      | Noticed Eustachio
  5857 | D:5      | Killed Eustachio
  6126 | D:5      | Reached skill level 6 in Poison Magic
  6383 | D:5      | Noticed Sigmund
  6391 | D:5      | Killed Sigmund
  6473 | D:5      | Mangled by an ice beast

Levels and vault maps discovered:
D:1:      kennysheep_arrival_forest, layout_basic,
          hangedman_decor_clover_reticule, minivault_19, st_stairs_9,
          minmay_rat_gold_closets
D:2:      layout_loops_ring, lemuel_doored_altar, grunt_temple_overflow_open,
          chequers_ecumenical_altar_simple_redux, first_ration
D:3:      layout_basic, overflow_temple_1_default,
          nicolae_overflow_hidden_temple, uniq_crazy_yiuf_cottage
D:4:      layout_loops_ring, portal_sewer_entry_b, uniq_menkaure
D:5:      layout_loops_corners, lemuel_coloured_pillars_altar, uniq_sigmund,
          uniq_eustachio

Skill      XL: |  1  2  3  4  5  6  7  8 |
---------------+-------------------------+-----
Conjurations   | 1 2 3 |  3.0
Armour         | 1 2 3 |  3.6
Poison Magic   | 5 5 6 |  6.1
Dodging        | 2 |  2.6
Maces & Flails | 1 0 |  0.9
Fighting       | 1 2 |  2.4
Staves         | 1 2 3 |  3.6
Spellcasting   | 2 3 |  3.2
Slings         | |  0.4
Stealth        | |  2.1
Unarmed Combat | |  0.1
Air Magic      | |  0.1

Action                   |  1- 3 |  4- 6 |  7- 9 || total
-------------------------+-------+-------+-------++-------
Melee: Unarmed           |     6 |       |       ||     6
       Club              |    12 |       |       ||    12
       Whip              |    65 |    56 |       ||   121
       Quarterstaff      |       |    73 |   127 ||   200
       Staff             |       |     2 |    50 ||    52
 Fire: Hunting sling     |     6 |       |       ||     6
 Cast: Sting             |     9 |     4 |    10 ||    23
       Poisonous Vapours |     8 |     7 |    19 ||    34
Invok: Sacrifice Skill   |       |       |     1 ||     1
  Use: Scroll            |       |     8 |       ||     8
 Stab: Sleeping          |     5 |     2 |     1 ||     8
       Distracted        |     1 |       |       ||     1
       Petrified         |       |     5 |       ||     5
  Eat: Chunk             |     4 |     7 |     9 ||    20
Armor: Robe              |     1 |       |       ||     1
       Leather armour    |    26 |    38 |    49 ||   113
Dodge: Dodged            |    58 |    97 |   124 ||   279
